 Dungeon Crawl Stone Soup version 0.30-a0-341-g682706514a (console) character file.

Game seed: 10776144582363658611

792 jejorda2 the Poker (level 7, -1/84 HPs)
             Began as a Merfolk Berserker on Nov 1, 2022.
             Was a Priest of Trog.
             Slain by an ogre
             ... wielding a +0 giant club
              (14 damage)
             ... on level 6 of the Dungeon.
             The game lasted 00:08:17 (4967 turns).

jejorda2 the Poker (Merfolk Berserker)              Turns: 4967, Time: 00:08:17

Health: -1/84      AC:  8    Str: 17    XL:     7   Next: 88%
Magic:  7/7        EV: 12    Int:  7    God:    Trog [***...]
Gold:   293        SH:  0    Dex: 15    Spells: 6/6 levels left

rFire   . . .      SeeInvis .    a - +0 trident
rCold   . . .      Faith    .    (no shield)
rNeg    . . .      Spirit   .    t - +2 scale mail {Will+}
rPois   .          Reflect  .    (no helmet)
rElec   .          Harm     .    (no cloak)
rCorr   .          Rampage  .    (no gloves)
Will    +....                    (no boots)
Stlth   ..........               (no amulet)
HPRegen 0.34/turn                (no ring)
MPRegen 0.10/turn                (no ring)

@: berserking, lethally poisoned (-1 -> -13), very quick
A: (nimble swimmer 2), mertail
a: Renounce Religion, Berserk, Trog's Hand


You were on level 6 of the Dungeon.
You worshipped Trog.
Trog was most pleased with you.
You visited 1 branch of the dungeon, and saw 6 of its levels.

You collected 293 gold pieces.

Inventory:

Hand Weapons
 a - a +0 trident (weapon)
 f - the +3 spear of Boddikk {freeze, rPois Will- Dex+2}
   (You found it on level 3 of the Dungeon)

   It freezes those it strikes, dealing additional cold damage.
   It can also slow down cold-blooded creatures.
   Dex:       It affects your dexterity (+2).
   rPois:     It protects you from poison.
   Will:      It decreases your willpower.
Missiles
 e - 57 stones (quivered)
 l - 8 javelins
 o - 6 poisoned darts
Armour
 t - a +2 scale mail of willpower (worn)
Wands
 b - a wand of flame (18)
 r - a wand of roots (10)
Scrolls
 c - 3 scrolls of teleportation
 m - a scroll of vulnerability {unknown}
 q - a scroll of butterflies
 u - a scroll of poison
Potions
 d - a potion of attraction
 g - a potion of magic
 h - a potion of curing
 i - 3 potions of haste
 j - 2 potions of heal wounds
 k - a potion of degeneration {unknown}
 n - 2 potions of flight
 p - a potion of lignification {unknown}
 s - 2 potions of mutation


   Skills:
 + Level 5.1 Fighting
 * Level 7.9 Polearms
 + Level 3.1 Armour
 - Level 6.0 Dodging


You had 6 spell levels left.
You didn't know any spells.
Your spell library was empty.

Dungeon Overview and Level Annotations

Branches:
Dungeon (6/15)
 Temple: D:4-7

Altars:
Dithmenos
Uskayaw

Shops:
D:1 [


Innate Abilities, Weirdness & Mutations

((You are very nimble when in or above water. (Stealth+, EV+, Speed+++)))
Your lower body shifts to a powerful aquatic tail in water.


Message History

The water moccasin bites you but does no damage. x2
You are too injured to fight recklessly!
You are too injured to fight recklessly!
You hit the water moccasin.
The water moccasin is moderately wounded.
You feel very sick.
An adder comes into view.
The water moccasin bites you.
The adder moves out of view.
You hit the water moccasin.
The water moccasin is heavily wounded.
You feel sick.
The water moccasin bites you but does no damage.
You barely miss the water moccasin.
The water moccasin is heavily wounded.
You feel sick.
The adder hisses angrily.
The water moccasin closely misses you. The water moccasin barely misses you.
A red film seems to cover your vision as you go berserk!
You feel yourself moving faster!
You feel mighty!
You feel sick.
The water moccasin bites you but does no damage.
You miss the water moccasin.
The water moccasin is heavily wounded.
You feel sick. The water moccasin barely misses you.
The ogre barely misses you.
A white imp comes into view.
The white imp shouts!
You hit the ogre.
The ogre is lightly wounded.
You feel sick.
You hear a shout!
The water moccasin bites you.
* * * LOW HITPOINT WARNING * * *
You are more poisoned.
The water moccasin poisons you!
You barely miss the ogre.
The ogre is lightly wounded.
You feel sick. The water moccasin bites you!
* * * LOW HITPOINT WARNING * * *
The ogre hits you with a +0 giant club!
You die...

........# ...≈≈....#
......§.###...P.P.....
....§§...............
....§.§.##..........
........#..........#
#.....#.####..#..##
##.#....####..#....###
#....#.......O##.....
##...######..@S......
#.<.# #...#....##
#...# #....## ....#
#...# #....# >...
##.## ...##.# ... #..
.##. #.# .. ..## ..
... . ... .. ... #.#


You could see a water moccasin and an ogre.

Vanquished Creatures
  A black bear (D:5)
  3 phantoms
  A scorpion (D:5)
  3 hounds (D:5)
  A jelly (D:5)
  Jessica (D:3)
  An iguana (D:4)
  Ijyb (D:3)
  Terence (D:3)
  An orc wizard (D:5)
  A gnoll (D:1)
  2 adders (D:5)
  3 shadow imps (D:6)
  A white imp (D:6)
  2 ufetubi (D:5)
  3 worms
  6 dart slugs
  4 orcs (D:5)
  6 ball pythons
  5 bats
  8 endoplasms
  2 giant cockroaches
  4 goblins
  11 hobgoblins
  6 jackals
  6 kobolds
  6 quokkas
  4 frilled lizards
  7 rats
101 creatures vanquished.

Vanquished Creatures (others)
  2 demonic plants (D:6)
2 creatures vanquished.

Grand Total: 103 creatures vanquished

Notes
Turn   | Place    | Note
-------+----------+-------------------------------------------
     0 | D:1      | jejorda2 the Merfolk Berserker began the quest for the Orb.
     0 | D:1      | Reached XP level 1. HP: 18/18 MP: 1/1
    11 | D:1      | Reached XP level 2. HP: 24/24 MP: 2/2
   109 | D:1      | Found a faded altar of an unknown god.
   214 | D:1      | Reached XP level 3. HP: 27/29 MP: 3/3
   358 | D:1      | Found Bacs's Armour Shop.
   578 | D:1      | Reached ** piety under Trog
  1034 | D:2      | Reached XP level 4. HP: 26/37 MP: 4/4
  1188 | D:2      | Reached skill level 5 in Polearms
  2079 | D:3      | Noticed Jessica
  2084 | D:3      | Killed Jessica
  2202 | D:3      | Reached XP level 5. HP: 36/42 MP: 5/5
  2251 | D:3      | Noticed Terence
  2260 | D:3      | Killed Terence
  2404 | D:3      | Identified the +3 spear of Boddikk {freeze, rPois Will-
                  | Dex+2}
  2682 | D:3      | Noticed Ijyb
  2694 | D:3      | Killed Ijyb
  3079 | D:4      | Reached skill level 5 in Dodging
  3710 | D:4      | Identified the +10 whip of Duty {vorpal, SInv}
  3732 | D:4      | Noticed a phantom
  3742 | D:4      | Killed a phantom
  3743 | D:4      | Reached skill level 6 in Polearms
  3743 | D:4      | Reached XP level 6. HP: 41/48 MP: 6/6
  4042 | D:5      | Entered Level 5 of the Dungeon
  4043 | D:5      | Found a shadowy altar of Dithmenos.
  4070 | D:5      | Found a hide-covered altar of Uskayaw.
  4077 | D:5      | Reached *** piety under Trog
  4344 | D:5      | Reached XP level 7. HP: 49/55 MP: 7/7
  4435 | D:5      | Reached skill level 7 in Polearms
  4710 | D:5      | Reached skill level 5 in Fighting
  4967 | D:6      | Slain by an ogre

Illustrated notes

Levels and vault maps discovered:
D:1:      eino_arrival_cavern_d, layout_loops_ring, serial_shops, shop,
          basic_ecumenical_altar
D:2:      layout_basic, chequers_mini_garden
D:3:      layout_basic, uniq_ijyb, uniq_terence, uniq_jessica
D:4:      layout_cave_pods, nicolae_elevator_lobby_asterisk
D:5:      layout_basic, nicolae_dithmenos_through_a_glass_darkly,
          mainiacjoe_overflow_boulevard
D:6:      layout_rooms, serial_demonic, serial_demonic_g, serial_demonic_g,
          serial_demonic_a, serial_demonic_g

Skill      XL: |  1  2  3  4  5  6  7 |
---------------+----------------------+-----
Dodging        | 3 4 5 6 |  6.0
Polearms       | 5 6 7 |  7.9
Armour         | 2 3 |  3.1
Fighting       | 4 5 |  5.1

Action                   |  1- 3 |  4- 6 |  7- 9 || total
-------------------------+-------+-------+-------++-------
Melee: Spear             |    97 |   138 |       ||   235
       Punch             |     3 |     3 |     1 ||     7
       Trident           |       |    87 |    93 ||   180
Invok: Berserk           |     1 |     2 |     1 ||     4
  Use: Scroll            |       |    10 |     1 ||    11
 Stab: Sleeping          |     4 |     4 |       ||     8
       Distracted        |       |     1 |       ||     1
Armor: Animal skin       |     3 |     6 |       ||     9
       Chain mail        |       |    12 |       ||    12
       Scale mail        |       |    29 |    28 ||    57
Dodge: Dodged            |    28 |    64 |    46 ||   138

Table legend: (Time is in decaauts)
 A = Elapsed time spent in this place.
 B = Non-inter-level travel time spent in this place.
 C = Inter-level travel time spent in this place.
 D = Time resting spent in this place.
 E = Time spent auto-exploring this place.
 F = Levels seen in this place.
 G = Mean time per level.
                   A        B        C        D        E       F      G
               +--------+--------+--------+--------+--------+-----+--------+
         Total |   4958 |   4747 |    211 |    413 |   3584 |   6 |  826.3 |
       Dungeon |   4958 |   4747 |    211 |    413 |   3584 |   6 |  826.3 |
               +--------+--------+--------+--------+--------+-----+--------+

Top non-repeatable levels by time:
     D:3: 1287 daAuts
     D:4: 1047 daAuts
     D:2: 900 daAuts
     D:5: 815 daAuts
     D:1: 805 daAuts
     D:6: 101 daAuts
